 Dungeon Crawl Stone Soup version 0.31-a0-564-g3b7de120b3 (webtiles) character file.

Game seed: 13567260043988379757

128 ytrimaz the Insei (level 5, -1/36 HPs)
             Began as an Octopode Shapeshifter on Aug 18, 2023.
             Slain by a hobgoblin (5 damage)
             ... on level 3 of the Dungeon.
             The game lasted 00:01:46 (1328 turns).

ytrimaz the Insei (Octopode Shapeshifter)           Turns: 1328, Time: 00:01:47

Health: -1/36      AC:  1    Str: 14    XL:     5   Next: 11%
Magic:  5/5        EV: 13    Int: 10    God:
Gold:   53         SH:  0    Dex: 15    Spells: 4/4 levels left

rFire   . . .        i - +6 shillelagh "Devastator" {shatter}
rCold   . . .        (no shield)
rNeg    . . .        (helmet currently unavailable)
rPois   .            (no amulet)
rElec   .            (no ring)
rCorr   .            (no ring)
SInv    .            (no ring)
Will    .....        (no ring)
Stlth   +++          (no ring)
HPRegen 0.26/turn    (no ring)
MPRegen 0.09/turn    (no ring)
                     (no ring)

%: no passive effects
@: beast-form
A: beast (slay +2), almost no armour, amphibious, 8 rings, camouflage 1,
gelatinous body 1, (nimble swimmer 1), tentacles
a: Begin Untransformation


You were on level 3 of the Dungeon.
You were a hulking beast.
You visited 1 branch of the dungeon, and saw 3 of its levels.

You collected 89 gold pieces.
You spent 36 gold pieces at shops.


Innate Abilities, Weirdness & Mutations

You are a hulking beast.
Your limbs bulge with bestial killing power. (Slay +2)
You cannot wear most types of armour.
You are amphibious.
You can wear up to eight rings at the same time.
Your skin changes colour to match your surroundings (Stealth+).
Your rubbery body absorbs attacks. (AC +1, EV +1)
((You are camouflaged when in or above water. (Stealth+)))
You have tentacles for arms and can constrict up to eight enemies at once.


   Skills:
 - Level 2.8 Fighting
 + Level 0.1 Maces & Flails
 - Level 2.0 Dodging
 + Level 0.4 Stealth
 - Level 4.0 Unarmed Combat
 + Level 3.7 Shapeshifting


You had 4 spell levels left.
You didn't know any spells.
Your spell library contained the following spells:

 Spells                   Type           Power      Damage    Failure   Level
 Sublimation of Blood     Necr           0%         N/A       50%         2
 Wereblood                Tmut           0%         N/A       50%         2
 Gell's Gravitas          Tloc           0%         N/A       75%         3
 Teleport Other           Tloc           0%         N/A       75%         3
 Dispersal                Tloc           0%         N/A       100%        6
 Summon Hydra             Summ           0%         N/A       100%        7

Inventory:

Hand Weapons
 i - the +6 shillelagh "Devastator" (weapon) {shatter}
   (You found it on level 2 of the Dungeon)
Jewellery
 e - a +6 ring of intelligence
   (You found it on level 1 of the Dungeon)
Talismans
 b - a beast talisman (active)
 c - a flux talisman
Wands
 l - a wand of mindburst (17)
   (You found it on level 3 of the Dungeon)
Scrolls
 d - 2 scrolls of fog {unknown}
 f - 2 scrolls of identify {unknown}
 g - a scroll of silence {unknown}
 k - a scroll of enchant armour {unknown}
Potions
 a - a potion of lignification
 h - a potion of ambrosia {unknown}
 j - a potion of curing

Dungeon Overview and Level Annotations

Branches:
Dungeon (3/15) Zot: 16673

Altars:

Shops:
D:2 !

Annotations:
D:3 Natasha

#.............. .
#.#####........ #.. #..
#........ #... #.#
#........ '...g
#.#.#........
#.....######.#.#........
......gโ€
...<............
#....)##g...[####.......
#....hยงhh...............
####.###J....###########
#.....# ..........
###.....### #.....#
........# ........#


You could see Natasha, an endoplasm, a jackal and a hobgoblin.


Message History

You kill the gnoll!
Your Unarmed Combat skill increases to level 4!
You have reached level 5!
You feel agile. ๐Ÿ˜• HP[+6] MP[+1]
You now have 36 max hp (+6).
You regained 6 hp, and now have 32/36 hp.
Your mp is fully restored (5).
You see here a +0 mace.
Things that are here:
a +0 spear; a +0 whip; a gnoll corpse A bat comes into view. ๐Ÿ˜Ž HP[+4]
Your hp is fully restored (36).
A bat is nearby!
Found a stone staircase leading down.
The helpless bat fails to defend itself.
You sock the bat!
You kill the bat!
No target in view!
No target in view!
f - 2 scrolls labelled JIUMEFEREJ (gained 1)
You open the door.
There is an open door here.
Key pressed, stopping explore.
Found a stone staircase leading up.
An endoplasm comes into view.
An endoplasm is nearby!
A jackal comes into view.
A jackal comes into view.
A jackal comes into view.
The jackal barks! x2; You hear a shout! x2
Unknown command.
A jackal comes into view.
A goblin comes into view. It is wielding a +0 dagger.
Natasha, Servant of Life and Death comes into view.
Natasha hisses angrily.
The goblin shouts!
A hobgoblin comes into view.
Natasha casts a spell.
The jackal barks!
You hear a shout! x3
The endoplasm quivers.
A hobgoblin comes into view.
The jackal completely misses you.
You barely miss the jackal. You grab the jackal. You constrict the jackal.
A goblin comes into view. It is wielding a +0 club.
The jackal bites you.
A giant cockroach comes into view.
The jackal barely misses you. The jackal bites you. ๐Ÿ˜• HP[-3]
You take 3 damage, and now have 33/36 hp.
Unknown command.
You hit the jackal.
The hobgoblin shudders.
You kill the hobgoblin!
You kill the jackal!
You hear a bark!
The jackal closely misses you. The jackal bites you.
The cerulean imp closely misses you.
The goblin unwields a +0 dagger.
The goblin wields a +0 sling.
The goblin shoots a sling bullet.
The sling bullet barely misses you. The endoplasm freezes you.
You are frozen.
The jackal closely misses you.
You hear a shout!
You hit the jackal.
The cerulean imp and the jackal shudder.
You kill the jackal! x2
The cerulean imp hits you from afar with a +1 spear.
The endoplasm barely misses you. The jackal closely misses you.
The cerulean imp hits you with a +1 spear. ๐Ÿ˜ฎ HP[-9]
You take 9 damage, and now have 24/36 hp.
MASSIVE DAMAGE!! (PAUSE)
You are too injured to fight recklessly!
You are too injured to fight recklessly!
You barely miss the cerulean imp. You grab the cerulean imp.
You constrict the cerulean imp, but do no damage.
The jackal bites you.
The cerulean imp hits you with a +1 spear.
* * * LOW HITPOINT WARNING * * *
The endoplasm freezes you.
You are frozen.
* * * LOW HITPOINT WARNING * * *
The jackal misses you.
The cerulean imp hits you with a +1 spear.
* * * LOW HITPOINT WARNING * * *
Unknown command. ๐Ÿ˜ฑ HP[-15]
You take 15 damage, and now have 9/36 hp.
MASSIVE DAMAGE!! (PAUSE)
You sock the cerulean imp!
The goblin and Natasha shudder.
You kill the goblin!
You kill the cerulean imp!
The cerulean imp disappears in a puff of smoke!
You hear a shout!
The jackal bites you.
* * * LOW HITPOINT WARNING * * *
The endoplasm freezes you.
You are frozen.
* * * LOW HITPOINT WARNING * * *
The hobgoblin hits you.
You die...

Skill      XL: |  1  2  3  4 |
---------------+-------------+-----
Fighting       | 2 |  2.8
Unarmed Combat | 4 |  4.0
Maces & Flails | |  0.1
Dodging        | |  2.0
Stealth        | |  0.4
Shapeshifting  | |  3.7

Action                     |  1- 3 |  4- 6 || total
---------------------------+-------+-------++-------
  Melee: Unarmed           |    62 |     5 ||    67
         Tentacles         |    10 |     2 ||    12
         Constrict         |    14 |     4 ||    18
         Punch             |     3 |       ||     3
         Shillelagh        |       |     8 ||     8
   Stab: Sleeping          |     8 |     1 ||     9
 Armour: Skin              |     2 |       ||     2
  Dodge: Dodged            |    30 |    14 ||    44

Levels and vault maps discovered:
D:1:      nagdon_arrival_double_spiral, layout_basic,
          shapermc_ecumenical_altar_petra
D:2:      layout_rooms, serial_shops, shop
D:3:      layout_basic, minmay_misc_feat_alley, uniq_jessica, uniq_natasha

Notes
Turn   | Place    | Note
-------+----------+-------------------------------------------
     0 | D:1      | ytrimaz the Octopode Shapeshifter began the quest for the
                  | Orb.
     0 | D:1      | Reached XP level 1. HP: 13/13 MP: 1/1
     0 | D:1      | magus.rc [v1.9.6]
   180 | D:1      | Reached XP level 2. HP: 18/18 MP: 2/2
   263 | D:1      | You pick up a book of Blood and begin reading...
   263 | D:1      | You add the spells Sublimation of Blood, Wereblood and
                  | Summon Hydra to your library.
   378 | D:1      | Reached XP level 3. HP: 23/24 MP: 3/3
   591 | D:2      | Reached skill level 2 in Fighting
   752 | D:2      | Found the +6 shillelagh "Devastator" {shatter}
  1004 | D:2      | Found Vuvouhug's Distillery.
  1012 | D:2      | Bought a potion of curing for 36 gold pieces
  1091 | D:3      | You add the spells Gell's Gravitas, Teleport Other and
                  | Dispersal to your library.
  1129 | D:3      | Noticed Natasha
  1133 | D:3      | Killed Natasha
  1134 | D:3      | Reached XP level 4. HP: 13/30 MP: 4/4
  1249 | D:3      | Reached skill level 4 in Unarmed Combat
  1249 | D:3      | Reached XP level 5. HP: 32/36 MP: 5/5
  1320 | D:3      | Noticed Natasha
  1327 | D:3      | HP: 9/36 [cerulean imp/+1 spear[Natasha] (3)]
  1328 | D:3      | HP: 4/36 [frozen (4)]
  1328 | D:3      | Slain by a hobgoblin

Vanquished Creatures
  Natasha (D:3)
  4 gnolls (D:3)
  An adder (D:2)
  A worm (D:2)
  An orc (D:3)
  8 ball pythons
  4 bats
  4 endoplasms
  A giant cockroach (D:1)
  5 goblins
  6 hobgoblins
  5 jackals
  2 frilled lizards
  6 kobolds
  3 rats
52 creatures vanquished.

Table legend:
 A = Non-vault XP
 B = Vault XP
 C = Vault XP percentage of total XP
 D = Non-vault monster count
 E = Vault monster count
 F = Vault count percentage of total count
                 A         B        C        D         E       F
            +---------+---------+-------+---------+---------+-------
      Total |     150 |      35 |  18.9 |      51 |       1 |   1.9
            +---------+---------+-------+---------+---------+-------
        D:1 |      34 |       0 |   0.0 |      22 |       0 |   0.0
        D:2 |      40 |       0 |   0.0 |      15 |       0 |   0.0
        D:3 |      76 |      35 |  31.5 |      14 |       1 |   6.7
            +---------+---------+-------+---------+---------+-------

Skill      XL: |  1  2  3  4 |
---------------+-------------+-----
Fighting       | 2 |  2.8
Unarmed Combat | 4 |  4.0
Maces & Flails | |  0.1
Dodging        | |  2.0
Stealth        | |  0.4
Shapeshifting  | |  3.7

Action                     |  1- 3 |  4- 6 || total
---------------------------+-------+-------++-------
  Melee: Unarmed           |    62 |     5 ||    67
         Tentacles         |    10 |     2 ||    12
         Constrict         |    14 |     4 ||    18
         Punch             |     3 |       ||     3
         Shillelagh        |       |     8 ||     8
   Stab: Sleeping          |     8 |     1 ||     9
 Armour: Skin              |     2 |       ||     2
  Dodge: Dodged            |    30 |    14 ||    44

Illustrated notes

Table legend:
 A = Kills in this place as a percentage of kills in the entire game.
 B = Kills by you in this place as a percentage of kills by you in the entire game.
 C = Kills by friends in this place as a percentage of kills by friends in the entire game.
 D = Other kills in this place as a percentage of other kills in the entire game.
 E = Experience gained in this place as a percentage of experience gained in the entire game.
 F = Experience gained in this place divided by the number of levels of this place that you have seen.
                   A       B       C       D       E      F
               +-------+-------+-------+-------+-------+----------------------
         Total | 100.0 | 100.0 |   N/A |   N/A | 100.0 |  61.7
       Dungeon | 100.0 | 100.0 |   N/A |   N/A | 100.0 |  61.7
               +-------+-------+-------+-------+-------+----------------------

Table legend: (Time is in decaauts)
 A = Elapsed time spent in this place.
 B = Non-inter-level travel time spent in this place.
 C = Inter-level travel time spent in this place.
 D = Time resting spent in this place.
 E = Time spent auto-exploring this place.
 F = Levels seen in this place.
 G = Mean time per level.
                   A        B        C        D        E       F      G
               +--------+--------+--------+--------+--------+-----+--------+
         Total |   1325 |   1279 |     46 |      0 |    996 |   3 |  441.7 |
       Dungeon |   1325 |   1279 |     46 |      0 |    996 |   3 |  441.7 |
               +--------+--------+--------+--------+--------+-----+--------+

Top non-repeatable levels by time:
     D:1: 569 daAuts
     D:2: 505 daAuts
     D:3: 250 daAuts
